 Dungeon Crawl Stone Soup version 0.16-a0-3159-ge6ac362 (webtiles) character file.

211 chadenator the Firebug (level 5, -10/46 HPs)
             Began as a Salamander Fire Elementalist on June 17, 2015.
             Was an Initiate of Okawaru.
             Engulfed by a cloud of flame (26 damage)
             ... on level 4 of the Dungeon.
             The game lasted 00:10:15 (3354 turns).

chadenator the Firebug (SaFE)                       Turns: 3354, Time: 00:10:15

Health: -10/46     AC:  8    Str:  8    XL:     5   Next: 57%
Magic:  10/11      EV: 10    Int: 16    God:    Okawaru [......]
Gold:   139        SH:  0    Dex: 14    Spells: 1 memorised, 7 levels left

rFire  . . .     SeeInvis .     w - +0 trident
rCold  x . .     Clarity  .     r - +1 ring mail
rNeg   . . .     SustAb   .     (no shield)
rPois  .         Gourm    .     (no helmet)
rElec  .         Spirit   .     (no cloak)
rCorr  .         Warding  .     (no gloves)
rMut   .         Stasis   .     (no barding)
MR     .....                    (no amulet)
Stlth  ++........               (no ring)
                                y - ring of stealth

@: very slow, not resistant to hostile enchantments, unstealthy
A: fiery attack, slowness 2, tough skin 2, cold vulnerability 1
a: Renounce Religion


You were on level 4 of the Dungeon.
You worshipped Okawaru.
Okawaru was noncommittal.
You were not hungry.

You visited 1 branch of the dungeon, and saw 4 of its levels.

You collected 139 gold pieces.

Inventory:

Hand weapons
 t - a +0 whip
 w - a +0 trident (weapon)
 A - the +1 hand axe of Valour {chop, +Blink rPois}
   (You found it on level 4 of the Dungeon)

   It inflicts extra damage upon your enemies.
   It protects you from poison.
   It lets you blink.
Armour
 a - a +0 robe
 r - a +1 ring mail (worn)
Jewellery
 y - a ring of stealth (left hand)
Magical devices
 q - a wand of magic darts (38)
 u - a wand of heal wounds (7)
Scrolls
 f - 2 scrolls of identify
 j - 2 scrolls of enchant armour
 m - 3 scrolls of fog
 p - a scroll of magic mapping
 x - a scroll of recharging
Potions
 d - a potion of agility {unknown}
 e - a potion of might {unknown}
 g - a potion of cure mutation {unknown}
 k - a potion of brilliance
 l - a potion of invisibility
 o - a potion of ambrosia
 v - a potion of heal wounds
 z - a potion of flight {unknown}
Books
 b - a book of Flames

   Spells                             Type                      Level
   a - Flame Tongue                   Conjuration/Fire             1
   b - Throw Flame                    Conjuration/Fire             2
   c - Conjure Flame                  Conjuration/Fire             3
   d - Inner Flame                    Hexes/Fire                   3
   e - Sticky Flame                   Conjuration/Fire             4
   f - Fireball                       Conjuration/Fire             5
Comestibles
 c - 5 bread rations


   Skills:
 + Level 4.0 Fighting
 + Level 2.5 Polearms
 - Level 2.0 Dodging
 - Level 2.1 Stealth
 - Level 2.1 Spellcasting
 - Level 1.1 Conjurations
 - Level 5.6 Fire Magic


You had 7 spell levels left.
You knew the following spells:

 Your Spells              Type           Power        Failure   Level  Hunger
a - Flame Tongue          Conj/Fire      ##...        14%         1    #......


Dungeon Overview and Level Annotations

Branches:
Dungeon (4/15)
 Temple: D:4-7

Altars:
Fedhas
Okawaru
Sif Muna

Annotations:
D:4 Pikel, Prince Ribbit


Innate Abilities, Weirdness & Mutations

Your melee attacks set your foes ablaze.
You cannot wear boots.
You cover ground very slowly.
You have very tough skin (AC +2).
You are vulnerable to cold.


Message History

The bat skeleton hits you but does no damage.
You puncture the bat skeleton!
You destroy the bat skeleton!
Okawaru accepts your kill. The bat skeleton closely misses you.
The bat skeleton hits you.
The bat skeleton hits you but does no damage.
You hit the bat skeleton.
The bat skeleton explodes!
The fiery explosion engulfs you! Okawaru accepts your kill.
You are engulfed in roaring flames.
An adder skeleton comes into view.
Attack whom?
Press: ? - help, Dir - move target cursor, f - adder skeleton
Aim: an adder skeleton You reach to attack!
You puncture the adder skeleton!
The adder skeleton is engulfed in flames.
You are engulfed in roaring flames.
Ouch! That really hurt!
You die...

###********* #..,,,,,,,,*
#.#*******,* #.# **,********
******* #.# *,,,,,,,,,*
,,,,,,**#######.#######.,,,,,,,,*
,,,,,,,,........§§.......,,,,,,,,
,,,,,>,.........@.§.....>,,,,,,,,
,,,,,,**#######÷#######..,,,,,,,*
,,,,,,* ####Z#######*,********
*****,* #............,,,,,,,,,
,,,,,,* #.....######*,###*****
,,,,,,* #..........,,,#..,,,,,
,,,,,.*** ##.###.....***#.#*****
,,,,,..,* #.# *.....* ##.######
,,,,*,#.*** #.# *....,* #........


You could see an adder skeleton.

Vanquished Creatures
  A hound (D:4)
  Natasha (D:4)
  A worker ant (D:4)
  Jessica (D:2)
  5 adders
  A worm (D:2)
  A giant mite (D:2)
  7 bats
  2 bat skeletons (D:4)
  5 hobgoblins
  9 jackals
  6 kobolds
  A quokka (D:4)
  4 giant cockroaches
  4 giant geckos
  3 giant newts
  4 goblins
  4 rats
60 creatures vanquished.

Notes
Turn   | Place    | Note
--------------------------------------------------------------
     0 | D:1      | chadenator, the Salamander Fire Elementalist, began the quest for the Orb.
     0 | D:1      | Reached XP level 1. HP: 14/14 MP: 3/3
   300 | D:1      | Reached XP level 2. HP: 20/22 MP: 1/5
   320 | D:1      | Reached skill level 1 in Fighting
   859 | D:2      | Noticed Jessica
   864 | D:2      | Killed Jessica
   864 | D:2      | Reached skill level 5 in Fire Magic
   864 | D:2      | Reached XP level 3. HP: 27/29 MP: 1/7
  1276 | D:2      | Reached XP level 4. HP: 34/37 MP: 3/8
  2072 | D:3      | Reached skill level 1 in Polearms
  2134 | D:3      | Found an iron altar of Okawaru.
  2239 | D:3      | Became a worshipper of Warmaster Okawaru
  2465 | D:3      | Found a deep blue altar of Sif Muna.
  2733 | D:4      | Found a blossoming altar of Fedhas.
  2746 | D:4      | Noticed a slave
  2750 | D:4      | Got a steaming hand axe
  2751 | D:4      | Identified the cursed +1 hand axe of Valour {chop, +Blink rPois} (You found it on level 4 of the Dungeon)
  2755 | D:4      | Noticed Pikel
  2756 | D:4      | Noticed a slave
  2757 | D:4      | Noticed a slave
  2758 | D:4      | Noticed a slave
  2788 | D:4      | Noticed Natasha
  2789 | D:4      | Noticed Prince Ribbit
  2981 | D:4      | Reached XP level 5. HP: 8/45 MP: 4/11
  3182 | D:4      | Killed Natasha
  3354 | D:4      | Engulfed by a cloud of flame

Action                   |  1- 3 |  4- 6 || total
-------------------------+-------+-------++-------
Melee: Unarmed           |    70 |       ||    70
       Trident           |       |    89 ||    89
       Hand axe          |       |    25 ||    25
       Whip              |       |     5 ||     5
 Cast: Flame Tongue      |    36 |    19 ||    55
  Use: Scroll            |       |    11 ||    11
       Potion            |       |     4 ||     4
 Stab: Invisible         |       |     6 ||     6
  Eat: Chunk             |     1 |     3 ||     4
       Meat ration       |       |     1 ||     1
